 Dungeon Crawl Stone Soup version 0.17.0-23-g0de4337 (webtiles) character file.

778 JudasIscariot the Shield-Bearer (level 7, -3/64 HPs)
             Began as a Deep Dwarf Fighter on Nov 13, 2015.
             Succumbed to poison (a potion of poison)
             ... on level 4 of the Dungeon.
             The game lasted 00:10:44 (2424 turns).

JudasIscariot the Shield-Bearer (DDFi)              Turns: 2424, Time: 00:10:45

Health: -3/64      AC: 15    Str: 22    XL:     7   Next: 54%
Magic:  8/8        EV:  8    Int: 13    God:
Gold:   226        SH: 10    Dex: 12    Spells: 0 memorised, 6 levels left

rFire  + . .     SeeInvis .     d - +0 whip (freeze)
rCold  . . .     Clarity  .     b - +0 scale mail
rNeg   . . .     SustAt   .     c - +0 shield
rPois  .         Gourm    .     n - +0 helmet
rElec  .         Spirit   +     D - +2 cloak
rCorr  .         Warding  .     (no gloves)
rMut   .         Stasis   .     (no boots)
MR     +....                    y - amulet of guardian spirit
Stlth  ..........               p - ring of protection from fire
                                o - +3 ring of protection

@: brilliant, lethally poisoned (-3 -> -35), non-regenerating, somewhat
resistant to hostile enchantments, extremely unstealthy
A: damage resistance, recharge devices, sense surroundings 1, slow regeneration
3
a: Device Recharging


You were on level 4 of the Dungeon.
You were hungry.

You visited 1 branch of the dungeon, and saw 4 of its levels.

You collected 226 gold pieces.

Inventory:

Hand Weapons
 a - a +0 flail
 d - a +0 whip of freezing (weapon)
 v - a +2 flail of holy wrath
Armour
 b - a +0 scale mail (worn)
 c - a +0 shield (worn)
 m - the cursed +0 ring mail "Viux" {Int+3 Stlth+, unknown}
   (You found it on level 4 of the Dungeon)

   It affects your intelligence (+3).
   It makes you more stealthy.
   It has a curse placed upon it.
 n - a +0 helmet (worn)
 D - a +2 cloak (worn)
Jewellery
 i - an uncursed ring of stealth
 o - a +3 ring of protection (left hand)
 p - a ring of protection from fire (right hand)
 y - an amulet of guardian spirit (around neck)
 E - an uncursed ring of protection from magic {unknown}
Wands
 e - a wand of heal wounds (0)
 C - a wand of random effects (33)
Scrolls
 h - a scroll of random uselessness {unknown}
 k - 2 scrolls of teleportation {unknown}
 l - 2 scrolls of recharging {unknown}
 q - 4 scrolls of remove curse {unknown}
 r - a scroll of immolation {unknown}
 s - 5 scrolls of identify {unknown}
 t - 2 scrolls of enchant armour {unknown}
 w - a scroll of magic mapping {unknown}
 B - a scroll of amnesia {unknown}
Comestibles
 f - 5 bread rations
 g - a meat ration
 z - 5 chunks of flesh


   Skills:
 * Level 4.0 Fighting
 * Level 4.3 Maces & Flails
 * Level 5.8 Armour
 - Level 1.0 Dodging
 + Level 1.0 Stealth
 * Level 5.9 Shields
 + Level 1.3 Evocations


You had 6 spell levels left.
You didn't know any spells.

Dungeon Overview and Level Annotations

Branches:
Dungeon (4/15)
 Temple: D:4-7

Altars:
Zin


Innate Abilities, Weirdness & Mutations

You are resistant to damage.
You can recharge devices by infusing magical energy.
You passively map a small area around you.
You do not regenerate naturally.


Message History

* * * LOW HITPOINT WARNING * * *
You feel very sick.
* * * LOW HITPOINT WARNING * * *
You feel sick.
* * * LOW HITPOINT WARNING * * *
You feel very sick.
Something hits you but does no damage. x2
You are more poisoned.
Drink which item? (? for menu, Esc to quit)
It was a potion of brilliance.
You feel clever all of a sudden.
* * * LOW HITPOINT WARNING * * *
You feel sick.
You hear some strange, mumbled words.
A puff of flame appears from out of thin air!
The puff of flame hits you! You resist.
Drink which item? (? for menu, Esc to quit)
It was a potion of poison.
That liquid tasted very nasty...
You are more poisoned.
You die...

#.###### ###.#### # #......#
#.#.##.# # #.#.##.###
######## #.#....... #......#
####.####.###
#.####.#####....####.# #
#.####{@.......p.....#
#.#..oo#####...#######
#.#o##.# ##p##
########.#.##.# #p#
#.....oo.oo...# #p#
#.##o##.####### #.## #.##.#
#..# #o##.########## ##.#
*#.##.##.p.....####.#########


You could see 3 orcs.

Vanquished Creatures
  Pikel (D:4)
  Duvessa (D:4)
  Dowan (D:4)
  Crazy Yiuf (D:3)
  4 adders
  3 gnolls (D:2)
  An ooze (D:2)
  2 worms
  An orc (D:4)
  A ball python (D:1)
  4 giant cockroaches
  5 goblins
  13 hobgoblins
  4 jackals (D:3)
  5 kobolds
  A quokka (D:3)
  5 bats
  6 giant newts
  8 rats
67 creatures vanquished.

Vanquished Creatures (others)
  A scorpion (D:4)
  A giant frog skeleton (D:4)
  A quokka (D:4)
3 creatures vanquished.

Grand Total: 70 creatures vanquished

Notes
Turn   | Place    | Note
--------------------------------------------------------------
     0 | D:1      | JudasIscariot the Deep Dwarf Fighter began the quest for the Orb.
     0 | D:1      | Reached XP level 1. HP: 20/20 MP: 1/1
   182 | D:1      | Reached XP level 2. HP: 22/27 MP: 2/2
   691 | D:2      | Reached XP level 3. HP: 26/33 MP: 3/3
   954 | D:2      | Reached XP level 4. HP: 27/42 MP: 4/4
  1056 | D:2      | Reached skill level 1 in Dodging
  1258 | D:3      | Reached skill level 4 in Shields
  1774 | D:3      | Noticed Crazy Yiuf
  1786 | D:3      | Killed Crazy Yiuf
  1786 | D:3      | Reached XP level 5. HP: 15/49 MP: 0/5
  1906 | D:3      | Found a glowing silver altar of Zin.
  2119 | D:4      | Noticed a slave
  2120 | D:4      | Noticed Pikel
  2122 | D:4      | Noticed a slave
  2122 | D:4      | Noticed a slave
  2123 | D:4      | Noticed a slave
  2134 | D:4      | Killed Pikel
  2134 | D:4      | Reached skill level 5 in Armour
  2134 | D:4      | Reached skill level 1 in Stealth
  2134 | D:4      | Reached skill level 5 in Shields
  2134 | D:4      | Reached skill level 1 in Evocations
  2134 | D:4      | Reached XP level 6. HP: 13/57 MP: 0/6
  2134 | D:4      | Reached XP level 7. HP: 14/64 MP: 0/7
  2201 | D:4      | Noticed Dowan
  2203 | D:4      | Noticed Duvessa
  2230 | D:4      | Killed Duvessa
  2237 | D:4      | HP: 1/64 [Dowan/wand of frost (8)]
  2257 | D:4      | Killed Dowan
  2386 | D:4      | Got a shimmering ring mail
  2422 | D:4      | HP: 3/64 [poisoned by an orc wizard]
  2423 | D:4      | HP: 1/64 [poisoned by an orc wizard]
  2424 | D:4      | Succumbed to poison (a potion of poison)

Action                   |  1- 3 |  4- 6 |  7- 9 || total
-------------------------+-------+-------+-------++-------
Melee: Flail             |   137 |   101 |       ||   238
       Whip              |       |       |    68 ||    68
Evoke: Wand              |       |     2 |     3 ||     5
  Use: Potion            |       |     2 |     6 ||     8
  Eat: Chunk             |       |     4 |     1 ||     5
